 Dungeon Crawl Stone Soup version 0.29.1 (webtiles) character file.

Game seed: 10296281752339297970

49 swilekon the Chopper (level 3, -3/26 HPs)
             Began as an Octopode Monk on Sept 14, 2022.
             Blown up by Ijyb (20 damage)
             ... with a mindburst bolt
             ... on level 3 of the Dungeon on Sept 15, 2022.
             The game lasted 00:02:12 (1908 turns).

swilekon the Chopper (Octopode Monk)                Turns: 1908, Time: 00:02:13

Health: -3/26      AC:  1    Str: 12    XL:     3   Next: 75%
Magic:  3/3        EV: 14    Int: 12    God:
Gold:   128        SH:  0    Dex: 14    Spells: 2/2 levels left

rFire   . . .      SeeInvis .   a - +0 hand axe
rCold   . . .      Faith    .   (no shield)
rNeg    . . .      Spirit   .   (helmet restricted)
rPois   .          Reflect  .   (no amulet)
rElec   .          Harm     .   (no ring)
rCorr   .          Rampage  .   (no ring)
Will    .....                   (no ring)
Stlth   +++.......              (no ring)
HPRegen 0.08/turn               (no ring)
MPRegen 0.08/turn               (no ring)
                                (no ring)
                                (no ring)

@: no status effects
A: almost no armour, amphibious, 8 rings, camouflage 1, gelatinous body 1,
(nimble swimmer 1), tentacles
a: no special abilities


You were on level 3 of the Dungeon.
You visited 1 branch of the dungeon, and saw 3 of its levels.

You collected 128 gold pieces.

Inventory:

Hand Weapons
 a - a +0 hand axe (weapon)
Scrolls
 c - 2 scrolls of enchant weapon {unknown}
 d - 2 scrolls of teleportation {unknown}
 e - a scroll of brand weapon {unknown}
 i - 2 scrolls of identify {unknown}
 j - a scroll of blinking {unknown}
Potions
 b - a potion of ambrosia
 f - a potion of attraction {unknown}
 g - a potion of cancellation {unknown}
 h - 3 potions of degeneration {unknown}
 k - a potion of invisibility {unknown}
 l - a potion of berserk rage {unknown}


   Skills:
 + Level 3.3 Fighting
 * Level 3.6 Axes
 + Level 3.3 Dodging
 + Level 3.4 Stealth


You had 2 spell levels left.
You didn't know any spells.
Your spell library contained the following spells:

 Spells                   Type           Power      Damage    Failure   Level
 Conjure Flame            Conj/Fire      0%         6-21      69%         3
 Ignite Poison            Fire/Tmut/Pois 0%         N/A       69%         3
 Sticky Flame             Conj/Fire      0%         2d3       97%         4


Dungeon Overview and Level Annotations

Branches:
Dungeon (3/15)

Altars:

Shops:
D:1 [

Annotations:
D:3 Ijyb


Innate Abilities, Weirdness & Mutations

You cannot wear most types of armour.
You are amphibious.
You can wear up to eight rings at the same time.
Your skin changes colour to match your surroundings (Stealth+).
Your rubbery body absorbs attacks. (AC +1, EV +1)
((You are camouflaged when in or above water. (Stealth+)))
You have tentacles for arms and can constrict up to eight enemies at once.


Message History

No target in view!
No target in view!
No target in view!
No target in view!
No target in view!
No target in view!
No target in view!
You see here a rat corpse.
Found a faded altar of an unknown god.
A hobgoblin comes into view.
A hobgoblin is nearby!
Ijyb the Twisted Goblin comes into view.
She is wielding a +0 club and carrying a wand of mindburst (13).
The helpless hobgoblin fails to defend itself.
You slash the hobgoblin!
You kill the hobgoblin!
The helpless Ijyb fails to defend herself.
You hit Ijyb. Your grab misses Ijyb.
Ijyb is lightly wounded.
Ijyb barely misses you.
You barely miss Ijyb. Your grab misses Ijyb.
Ijyb is lightly wounded.
Ijyb zaps a wand.
Your mind is blasted!
You hit Ijyb. You grab Ijyb.
Ijyb is moderately wounded.
You constrict Ijyb, but do no damage.
Ijyb screams, "Me very upset!"
Ijyb closely misses you.
Ijyb is nearby!
You barely miss Ijyb.
Ijyb is moderately wounded.
You constrict Ijyb. Ijyb closely misses you.
You hit Ijyb but do no damage. Your squeeze misses Ijyb.
Ijyb is moderately wounded.
You constrict Ijyb, but do no damage. Ijyb barely misses you.
You barely miss Ijyb.
Ijyb is moderately wounded.
You constrict Ijyb, but do no damage. Ijyb hits you with a +0 club.
Ijyb zaps a wand.
Your mind is blasted!
Ouch! That really hurt!
You die...

####### ~~~..~.
~~~~... ~.~≈~≈~
########..≈≈≈~≈
#.......~≈≈≈≈≈~~
#@#####..~~≈~♣..
#g####..~.≈≈~._.
#.##....~~~≈~~♣~
#.##.#...~≈~~≈~~
#.##.##..~≈≈≈≈≈~
#........~~~~~~≈
####.###.......~
#.# #....~..~
#######.#########..


You could see Ijyb.

Vanquished Creatures
  An adder (D:2)
  A dart slug (D:2)
  4 endoplasms (D:1)
  2 goblins (D:1)
  6 hobgoblins
  3 quokkas
  3 ball pythons (D:1)
  4 bats
  4 frilled lizards
  2 kobolds (D:1)
  8 rats
38 creatures vanquished.

Notes
Turn   | Place    | Note
-------+----------+-------------------------------------------
     0 | D:1      | swilekon the Octopode Monk began the quest for the Orb.
     0 | D:1      | Reached XP level 1. HP: 16/16 MP: 1/1
    81 | D:1      | Reached XP level 2. HP: 5/21 MP: 2/2
   445 | D:1      | Found Satoptot's Armour Boutique.
   971 | D:1      | Reached XP level 3. HP: 26/26 MP: 3/3
  1889 | D:3      | Found a faded altar of an unknown god.
  1900 | D:3      | Noticed Ijyb
  1908 | D:3      | Blown up by Ijyb

Illustrated notes

Levels and vault maps discovered:
D:1:      lemuel_arrival_tunnels, layout_basic, serial_shops, nicolae_shop_trees
D:2:      layout_basic
D:3:      layout_loops_corners, lemuel_coloured_pillars_altar,
          chequers_ecumenical_altar_island, nicolae_wormholes, uniq_ijyb

Skill      XL: |  1  2 |
---------------+-------+-----
Stealth        | 3 |  3.4
Fighting       | |  3.3
Axes           | |  3.6
Dodging        | |  3.3

Action                   || total
-------------------------++-------
Melee: Hand axe          ||    63
       Constrict         ||    13
       Tentacles         ||     5
       Punch             ||     1
 Stab: Sleeping          ||    12
Armor: Skin              ||     7
Dodge: Dodged            ||    39
